 Dungeon Crawl Stone Soup version 0.28-a0-983-g1de4e0787c (webtiles) character file.

Game seed: 4246295889732530230

7 GregHouse the Chopper (level 2, -3/27 HPs)
             Began as a Hill Orc Monk on Dec 3, 2021.
             Slain by a kobold (5 damage)
             ... on level 1 of the Dungeon.
             The game lasted 00:00:43 (257 turns).

GregHouse the Chopper (Hill Orc Monk)                Turns: 257, Time: 00:00:43

Health: -3/27      AC:  2    Str: 13    XL:     2   Next: 0%
Magic:  2/2        EV: 12    Int: 10    God:
Gold:   0          SH:  0    Dex: 13    Spells: 1/1 levels left

rFire   . . .      SeeInvis .   a - +0 hand axe
rCold   . . .      Faith    .   (no shield)
rNeg    . . .      Spirit   .   b - +0 robe
rPois   .          Reflect  .   (no helmet)
rElec   .          Harm     .   (no cloak)
rCorr   .          Rampage  .   (no gloves)
Will    .....                   (no boots)
Stlth   ++........              (no amulet)
HPRegen 0.09/turn               (no ring)
MPRegen 0.08/turn               (no ring)

@: no status effects
A: no striking features
a: no special abilities


You were on level 1 of the Dungeon.
You visited 1 branch of the dungeon, and saw 1 of its levels.

Inventory:

Hand Weapons
 a - a +0 hand axe (weapon)
Armour
 b - a +0 robe (worn)


   Skills:
 + Level 3.9 Fighting
 + Level 4.3 Axes
 - Level 2.4 Dodging
 + Level 1.6 Stealth


You had one spell level left.
You didn't know any spells.
Your spell library was empty.

Dungeon Overview and Level Annotations

Branches:
Dungeon (1/15)

Altars:


Message History

You see here a hobgoblin corpse.
You start resting.
A kobold comes into view. It is wielding a +0 dagger.
The kobold shouts!
You closely miss the kobold. The kobold barely misses you.
You hit the kobold.
The kobold is severely wounded.
The kobold hits you with a +0 dagger.
You closely miss the kobold.
The kobold is severely wounded.
The kobold hits you with a +0 dagger.
* * * LOW HITPOINT WARNING * * *
You closely miss the kobold.
The kobold is severely wounded.
The kobold barely misses you.
You hit the kobold.
You kill the kobold!
You have reached level 2!
You start resting.
A kobold comes into view. It is wielding a +4 dagger.
A kobold is nearby!
Things that are here:
a +0 dagger; 7 gold pieces; a kobold corpse Really walk into that teleport trap? [Y]es or [N]o only, please.
Really walk into that teleport trap? [Y]es or [N]o only, please.
Really walk into that teleport trap? [Y]es or [N]o only, please.
Really walk into that teleport trap?
Okay, then.
You closely miss the kobold.
The kobold shouts!
The kobold hits you with a +4 dagger.
You closely miss the kobold. The kobold hits you with a +4 dagger.
You closely miss the kobold. The kobold hits you with a +4 dagger.
You barely miss the kobold. The kobold hits you with a +4 dagger!
* * * LOW HITPOINT WARNING * * *
You hit the kobold but do no damage. The kobold hits you with a +4 dagger.
You die...

#. #...###...#
.####...#...##
...#...#...#
..##.....## ....
#.##.....# ....###
##.###...## .......
#....#...# #..g..
#)^†K#...# #.....
#..@.#'''#
#.....##....#...#####
#.....†..)...........
#............#####...
#....................
#######....#....##. .
#....#....#
#....#....#
#....#......


You could see a kobold.

Vanquished Creatures
  An endoplasm (D:1)
  A goblin (D:1)
  2 hobgoblins (D:1)
  A ball python (D:1)
  A kobold (D:1)
6 creatures vanquished.

Notes
Turn   | Place    | Note
-------+----------+-------------------------------------------
     0 | D:1      | GregHouse the Hill Orc Monk began the quest for the Orb.
     0 | D:1      | Reached XP level 1. HP: 19/19 MP: 1/1
   127 | D:1      | Reached XP level 2. HP: 7/27 MP: 2/2
   257 | D:1      | Slain by a kobold

Illustrated notes

Levels and vault maps discovered:
D:1:      lemuel_arrival_funnel, layout_basic, ebering_ecumenical_altar_webs,
          minmay_misc_feat_pillars, minmay_misc_feat_enclosed,
          minmay_small_reverse_x

Action                   || total
-------------------------++-------
Melee: Hand axe          ||    28
Armor: Robe              ||     4
Dodge: Dodged            ||    14

Table legend: (Time is in decaauts)
 A = Elapsed time spent in this place.
 B = Non-inter-level travel time spent in this place.
 C = Inter-level travel time spent in this place.
 D = Time resting spent in this place.
 E = Time spent auto-exploring this place.
 F = Levels seen in this place.
 G = Mean time per level.
                   A        B        C        D        E       F      G
               +--------+--------+--------+--------+--------+-----+--------+
         Total |    259 |    259 |      0 |    146 |     54 |   1 |  259.0 |
       Dungeon |    259 |    259 |      0 |    146 |     54 |   1 |  259.0 |
               +--------+--------+--------+--------+--------+-----+--------+

Top non-repeatable levels by time:
     D:1: 259 daAuts
